 Dungeon Crawl Stone Soup version 0.25-a0-294-gea9b1ad378 (webtiles) character file.

Game seed: 16817893590677903318, levelgen mode: deterministic

4734 Gargoyl the Agent of Entropy (level 10, -1/81 HPs)
             Began as a Centaur Abyssal Knight on Dec 18, 2019.
             Was a Priest of Lugonu.
             Slain by a killer bee (4 damage)
             ... on level 9 of the Dungeon.
             The game lasted 00:17:17 (14200 turns).

Gargoyl the Agent of Entropy (CeAK)                Turns: 14200, Time: 00:17:17

Health: -1/81      AC:  3    Str: 17    XL:     10   Next: 22%
Magic:  15/15      EV:  4    Int: 11    God:    Lugonu [***...]
Gold:   322        SH:  0    Dex: 10    Spells: 9/9 levels left

rFire    + + .     SeeInvis +   n - +11 hand axe of Elioptow {freeze, *Corrode rPois Stlth+}
rCold    + . .     Gourm    .   (no shield)
rNeg     . . .     Faith    .   k - +0 plate armour
rPois    +         Spirit   .   (no helmet)
rElec    +         Reflect  .   (no cloak)
rCorr    +         Harm     .   (no gloves)
MR       .....                  (no barding)
Stlth    ..........             (no amulet)
HPRegen  0.23/turn              d - ring of see invisible
MPRegen  0.14/turn              h - ring of protection from fire

@: lethally poisoned (-1 -> -7), resistant, corroded, very quick
A: large, hooves 3, deformed body, speed 2, tough skin 3
a: Depart the Abyss, Bend Space, Banish, Renounce Religion


You were on level 9 of the Dungeon.
You worshipped Lugonu.
Lugonu was most pleased with you.
You were not hungry.

You visited 1 branch of the dungeon, and saw 9 of its levels.
You visited the Abyss 1 time.

You collected 635 gold pieces.
You spent 313 gold pieces at shops.

Inventory:

Hand Weapons
 a - a +1 hand axe
 m - the +1 mace "Daixkab" {crush, Str+4}
   (You found it on level 8 of the Dungeon)

   It inflicts extra damage upon your enemies.
   It affects your strength (+4).
 n - the +11 hand axe of Elioptow (weapon) {freeze, *Corrode rPois Stlth+}
   (You found it on level 9 of the Dungeon)

   It has been specially enchanted to freeze those struck by it, causing extra
   injury to most foes and up to half again as much damage against particularly
   susceptible opponents.
   It can also slow down cold-blooded creatures.
   It protects you from poison.
   It may corrode you when you take damage.
   It makes you more stealthy.
 p - a +1 scimitar of flaming
Missiles
 l - 3 javelins (quivered)
Armour
 k - a +0 plate armour (worn)
Jewellery
 d - a ring of see invisible (left hand)
 h - a ring of protection from fire (right hand)
 r - an uncursed amulet of regeneration {unknown}
Scrolls
 b - a scroll of magic mapping
 e - 5 scrolls of teleportation
 f - 2 scrolls of identify
 j - 3 scrolls of remove curse
Potions
 g - a potion of cancellation
 i - a potion of flight
Comestibles
 c - 15 rations


   Skills:
 + Level 5.5 Fighting
 + Level 0.5 Long Blades
 + Level 5.9(6.0) Axes
 + Level 0.8(3.7) Maces & Flails
 + Level 2.4 Throwing
 * Level 7.0 Armour
 * Level 4.5 Dodging
 * Level 7.2 Invocations


You had 9 spell levels left.
You didn't know any spells.
Your spell library contained the following spells:

 Spells                   Type           Power        Failure   Level  Hunger
 Beastly Appendage        Tmut           #.....       100%        1    ##.....
 Sandblast                Erth           #.....       100%        1    ##.....
 Passwall                 Tmut/Erth      #.......     100%        2    ###....
 Sticks to Snakes         Tmut           #.......     100%        2    ###....
 Spider Form              Tmut/Pois      #.........   100%        3    ####...
 Stone Arrow              Conj/Erth      #.....       100%        3    ####...
 Ice Form                 Ice/Tmut       #.......     100%        4    #####..
 Petrify                  Tmut/Erth      #.......     100%        4    #####..
 Blade Hands              Tmut           #.........   100%        5    ######.
 Lee's Rapid Deconstruct  Erth           #.........   100%        5    ######.


Dungeon Overview and Level Annotations

Branches:
Dungeon (9/15)             Temple (0/1) D:6            Lair (0/6) D:9
    Orc (0/2) D:9

Altars:
Fedhas
Gozag
Kikubaaqudgha
Okawaru
Qazlal
Sif Muna
Trog
Uskayaw
Vehumet
Wu Jian
Xom

Shops:
D:5 !*   D:6 !}(**

Annotations:
Abyss:1 Harold


Innate Abilities, Weirdness & Mutations

You have hooves in place of feet.
Armour fits poorly on your strangely shaped body.
You cover ground very quickly.
You have extremely tough skin. (AC +3)


Message History

You hit the killer bee. You freeze the killer bee.
Your kick misses the killer bee.
The killer bee is moderately wounded.
You hit the killer bee. You freeze the killer bee.
You kill the killer bee!
Lugonu accepts your kill.
You closely miss the killer bee.
You feel sick.
The killer bee stings you but does no damage.
The killer bee barely misses you.
The killer bee stings you but does no damage.
The killer bee stings you!
* * * LOW HITPOINT WARNING * * *
You miss the killer bee.
The killer bee is lightly wounded.
You closely miss the killer bee.
The death yak bellows!
You hit the killer bee. You freeze the killer bee.
* * * LOW HITPOINT WARNING * * *
You feel sick. The killer bee stings you.
You die...

...............#
..........Y...##
###Y..##.......##
.#...)..........##
.##.).)..........#
.##...).Y.....Y..###
.#............#....#
..............#yyy##
.............###@##
..............####
...............# #
...............# ..
...............#...
........#.#......$.
......#####........
.....## ##y...#....
.......##.y..## ..#


You could see 2 death yaks and 3 killer bees.

Vanquished Creatures
  Erica (D:8)
  Edmund (D:5)
  2 black bears
  An orc warrior (D:7)
  4 ogres
  A sky beast (D:8)
  5 centaurs
  A big kobold (D:7)
  3 bullfrogs
  5 killer bees
  4 howler monkeys (D:9)
  2 crimson imps
  A centaur zombie (D:5)
  A bullfrog zombie (D:5)
  5 hounds
  2 bullfrog skeletons
  3 jellies
  Jessica (D:3)
  10 worker ants
  2 iguanas
  3 orc wizards
  A hound skeleton (D:7)
  3 worker ant zombies
  8 gnolls
  13 adders
  An ooze (D:2)
  An adder zombie (D:7)
  2 adder skeletons
  3 worms
  3 dart slugs
  5 leopard geckos
  12 orcs
  6 bats
  4 giant cockroaches
  6 goblins
  9 hobgoblins
  20 jackals
  A quokka (D:5)
  6 frilled lizards
  A jackal zombie (D:9)
  14 kobolds
  2 leopard gecko zombies
  13 rats
192 creatures vanquished.

Vanquished Creatures (others)
  A two-headed ogre (D:9)
  A death yak (D:8)
2 creatures vanquished.

Grand Total: 194 creatures vanquished

Notes
Turn   | Place    | Note
-------+----------+-------------------------------------------
     0 | Abyss:1  | Gargoyl the Centaur Abyssal Knight began the quest for the
                  | Orb.
     0 | Abyss:1  | Reached XP level 1. HP: 19/19 MP: 2/2
   104 | Abyss:1  | Noticed a flying skull
   106 | D:1      | Escaped the Abyss
   250 | D:1      | Reached XP level 2. HP: 14/26 MP: 3/3
   516 | D:1      | Reached * piety under Lugonu
   577 | D:1      | Reached skill level 1 in Dodging
   805 | D:1      | Reached XP level 3. HP: 31/31 MP: 4/4
  1284 | D:2      | Reached XP level 4. HP: 28/38 MP: 5/5
  1447 | D:2      | Found a faded altar of an unknown god.
  1455 | D:2      | Reached ** piety under Lugonu
  2725 | D:3      | Reached XP level 5. HP: 21/45 MP: 7/7
  3414 | D:3      | Noticed Jessica
  3422 | D:3      | Killed Jessica
  3803 | D:3      | Reached *** piety under Lugonu
  4646 | D:4      | Found a shimmering altar of Xom.
  4647 | D:4      | Found a shimmering altar of Xom.
  4650 | D:4      | Found a shimmering altar of Xom.
  4650 | D:4      | Found a shimmering altar of Xom.
  4650 | D:4      | Found a shimmering altar of Xom.
  4663 | D:4      | Reached XP level 6. HP: 36/52 MP: 8/8
  4766 | D:4      | Found an iron altar of Okawaru.
  5268 | D:4      | Found a shimmering altar of Xom.
  5269 | D:4      | Found a shimmering altar of Xom.
  5386 | D:5      | Entered Level 5 of the Dungeon
  5386 | D:5      | Found Umuanu's Lightly-Used Armoury.
  5480 | D:5      | Found Guynuddi's Distillery.
  5501 | D:5      | Noticed Edmund
  5626 | D:6      | Found Idofeumm's Gadget Shoppe.
  5657 | D:6      | Found a staircase to the Ecumenical Temple.
  5802 | D:6      | Found an ancient bone altar of Kikubaaqudgha.
  5814 | D:6      | Reached XP level 7. HP: 31/58 MP: 9/9
  6098 | D:6      | Found Voloib's Assorted Antiques.
  6293 | D:6      | Found Wedwea's Weapon Shoppe.
  6660 | D:5      | Killed Edmund
  6884 | D:5      | Bought a potion of heal wounds for 70 gold pieces
  6884 | D:5      | Bought 2 potions of heal wounds for 140 gold pieces
  6884 | D:5      | Bought a potion of heal wounds for 70 gold pieces
  6905 | D:5      | Found a stormy altar of Qazlal.
  6916 | D:5      | Found a blossoming altar of Fedhas.
  7180 | D:5      | Noticed a moth of wrath
  7183 | D:5      | Found a bloodstained altar of Trog.
  7342 | D:6      | Found Zajim's Distillery.
  7436 | D:6      | Found Zequb's General Store.
  7441 | D:6      | Bought a scroll of teleportation for 33 gold pieces
  7469 | D:6      | Found a bloodstained altar of Trog.
  7622 | D:7      | Reached skill level 1 in Throwing
  7622 | D:7      | Reached XP level 8. HP: 53/67 MP: 11/11
  8425 | D:7      | Found a hide-covered altar of Uskayaw.
  8448 | D:7      | Noticed a +0 dagger
  8450 | D:7      | Noticed a +0 hand axe
  8875 | D:7      | HP: 3/67 [poisoned by a kobold]
  9236 | D:7      | Reached skill level 5 in Armour
  9540 | D:8      | Found a shimmering blue altar of Sif Muna.
  9540 | D:8      | Found a radiant altar of Vehumet.
  9585 | D:8      | Noticed Harold
  9593 | D:8      | Banished Harold
  9593 | D:8      | Reached skill level 5 in Axes
  9593 | D:8      | Reached skill level 5 in Invocations
  9593 | D:8      | Reached XP level 9. HP: 20/73 MP: 7/12
  9605 | D:8      | HP: 3/73 [centaur/arrow (10)]
  9951 | D:8      | Found an opulent altar of Gozag.
  9999 | D:8      | Found an ornate altar of the Wu Jian Council.
 10268 | D:8      | Noticed Erica
 10291 | D:8      | Killed Erica
 10291 | D:8      | Reached skill level 5 in Fighting
 11240 | D:8      | Got a slimy mace
 11241 | D:8      | Identified the +1 mace "Daixkab" {crush, Str+4} (You found
                  | it on level 8 of the Dungeon)
 12464 | D:9      | Reached **** piety under Lugonu
 12795 | D:9      | Noticed a two-headed ogre
 12802 | D:9      | Banished a two-headed ogre
 12802 | D:9      | Reached XP level 10. HP: 45/81 MP: 14/14
 13522 | D:9      | Found a staircase to the Lair.
 13532 | D:9      | Found a staircase to the Orcish Mines.
 13565 | D:9      | Noticed a death yak
 13566 | D:9      | Noticed a death yak
 13567 | D:9      | Noticed a death yak
 13572 | D:9      | Noticed a death yak
 13750 | D:8      | Banished a death yak
 13925 | D:9      | Got a twisted hand axe
 14160 | D:9      | Identified the +11 hand axe of Elioptow {freeze, *Corrode
                  | rPois Stlth+} (You found it on level 9 of the Dungeon)
 14199 | D:9      | HP: 4/81 [killer bee (9)]
 14200 | D:9      | Slain by a killer bee

Levels and vault maps discovered:
D:1:      co_arrival_random_square_maze, layout_loops_cross
D:2:      layout_loops_ring, first_ration, chequers_ecumenical_altar_simple,
          minmay_pentomino_t2
D:3:      layout_basic, uniq_jessica
D:4:      layout_basic, lemuel_round_altar, minmay_misc_feat_plants,
          nicolae_xom_altar_mimics
D:5:      layout_rooms, grunt_qazlal_sundering, fedhas_altar_3, serial_shops,
          shop, minmay_shop_damaged, corexii_shack, skrybe_limestone_x,
          grunt_decor_resistance, tgw_trog, uniq_edmund
D:6:      layout_basic, marbit_many_paths, minmay_temple_entry_waves,
          serial_shops, shop, nicolae_shop_stone, shop_coins,
          nicolae_shop_waterfront, shop, basic_altar
D:7:      layout_cave_pods, dancing_weapons_uskayaw
D:8:      layout_gridville, kennysheep_mini, nicolae_overflow_crystal_walls,
          grunt_temple_overflow_open, palyth_stone_intersect, uniq_harold,
          uniq_erica
D:9:      layout_cave_pools, makhleb_altar_promises_db, dpeg_lair_monsters,
          orc_0_dummy

Skill      XL: |  1  2  3  4  5  6  7  8  9 10 |
---------------+-------------------------------+-----
Axes           | 2 3 4 5 |  5.9
Dodging        | 1 2 3 4 |  4.5
Armour         | 2 3 4 5 6 7 |  7.0
Invocations    | 3 4 5 6 7 |  7.2
Fighting       | 4 5 |  5.5
Throwing       | 1 2 |  2.4
Long Blades    | |  0.5
Maces & Flails | |  0.8

Action                   |  1- 3 |  4- 6 |  7- 9 | 10-12 || total
-------------------------+-------+-------+-------+-------++-------
Melee: Hand axe          |   103 |   233 |   344 |    51 ||   731
       Kick              |    14 |    39 |   102 |    15 ||   170
       Scimitar          |       |       |    29 |       ||    29
       Mace              |       |       |    17 |       ||    17
Throw: Javelin           |       |     7 |    30 |     3 ||    40
Invok: Depart the Abyss  |     1 |       |       |       ||     1
       Banish            |       |       |     2 |     9 ||    11
  Use: Scroll            |     3 |     7 |     6 |     2 ||    18
       Potion            |     1 |       |    12 |     3 ||    16
  Eat: Chunk             |       |     9 |    10 |     2 ||    21
       Ration            |       |     1 |     3 |     2 ||     6
Armor: Leather armour    |    41 |    18 |       |       ||    59
       Ring mail         |       |   111 |    23 |       ||   134
       Chain mail        |       |       |    39 |       ||    39
       Plate armour      |       |       |   185 |    62 ||   247
       Skin              |       |       |    34 |     8 ||    42
Dodge: Dodged            |    57 |   118 |   112 |    18 ||   305
       Rpst.: Scimitar   |       |       |     2 |       ||     2

Table legend:
 A = Non-vault XP
 B = Vault XP
 C = Vault XP percentage of total XP
 D = Non-vault monster count
 E = Vault monster count
 F = Vault count percentage of total count
                 A         B        C        D         E       F
            +---------+---------+-------+---------+---------+-------
      Total |    4623 |    2140 |  31.6 |     182 |      13 |   6.7
            +---------+---------+-------+---------+---------+-------
        D:1 |      53 |       0 |   0.0 |      31 |       0 |   0.0
        D:2 |     120 |      13 |   9.8 |      20 |       1 |   4.8
        D:3 |     131 |      37 |  22.0 |      31 |       1 |   3.1
        D:4 |     219 |       0 |   0.0 |       8 |       0 |   0.0
        D:5 |     160 |     169 |  51.4 |       9 |       7 |  43.8
        D:6 |     440 |       2 |   0.5 |      14 |       1 |   6.7
        D:7 |     932 |       0 |   0.0 |      23 |       0 |   0.0
        D:8 |     948 |    1919 |  66.9 |      14 |       3 |  17.6
        D:9 |    1620 |       0 |   0.0 |      32 |       0 |   0.0
            +---------+---------+-------+---------+---------+-------
